 Dungeon Crawl Stone Soup version 0.23.2-40-g277498a001 (webtiles) character file.

Game seed: 12867710913258764567

41 MalarOregon the Charlatan (level 3, -1/29 HPs)
             Began as a Draconian Artificer on Sept 15, 2019.
             Slain by a gnoll
             ... wielding a +2 spear of pain
              (7 damage)
             ... on level 2 of the Dungeon.
             The game lasted 00:02:22 (1045 turns).

MalarOregon the Charlatan (Draconian Artificer)     Turns: 1045, Time: 00:02:23

Health: -1/29      AC:  5    Str: 14    XL:     3   Next: 32%
Magic:  5/5        EV: 12    Int: 11    God:
Gold:   105        SH:  0    Dex: 12    Spells: 2/2 levels left

rFire    . . .     SeeInvis .   a - +0 short sword
rCold    . . .     Gourm    .   (no shield)
rNeg     . . .     Faith    .   (armour unavailable)
rPois    .         Spirit   .   (helmet restricted)
rElec    .         Reflect  .   (no cloak)
rCorr    .         Harm     .   (no gloves)
MR       .....                  (no boots)
Stlth    ++........             (no amulet)
HPRegen  0.09/turn              (no ring)
MPRegen  0.09/turn              (no ring)

@: no status effects
A: unfitting armour, cold-blooded, AC +5
a: no special abilities


You were on level 2 of the Dungeon.
You were not hungry.

You visited 1 branch of the dungeon, and saw 2 of its levels.

You collected 105 gold pieces.

Inventory:

Hand Weapons
 a - a +0 short sword (weapon)
Armour
 h - a +0 cloak
   (You found it on level 1 of the Dungeon)
 l - a +0 pair of gloves
   (You found it on level 2 of the Dungeon)
Wands
 c - a wand of enslavement (11)
 d - a wand of random effects (15)
 t - a wand of flame (15)
Scrolls
 b - 2 scrolls of remove curse {unknown}
 f - 4 scrolls of identify {unknown}
 g - a scroll of teleportation {unknown}
Potions
 j - a potion of ambrosia {unknown}
 k - a potion of heal wounds {unknown}
Comestibles
 e - 3 rations {!d}
 i - 9 chunks of flesh


   Skills:
 * Level 2.1 Fighting
 * Level 1.8 Short Blades
 + Level 2.0 Dodging
 + Level 1.4 Stealth
 + Level 3.2 Evocations


You had 2 spell levels left.
You didn't know any spells.
Your spell library was empty.

Dungeon Overview and Level Annotations

Branches:
Dungeon (2/15)

Altars:
Dithmenos


Innate Abilities, Weirdness & Mutations

Your plain brown scales are hard. (AC +5)
You cannot fit into any form of body armour.
You are cold-blooded and may be slowed by cold attacks.


Message History

The helpless giant cockroach fails to defend itself.
You puncture the giant cockroach!
You kill the giant cockroach!
A bat and a hobgoblin come into view.
Found a ration.
The giant cockroach bites you but does no damage.
Found a whip.
The giant cockroach bites you.
* * * LOW HITPOINT WARNING * * *
The giant cockroach bites you but does no damage.
Your gnoll hits the giant cockroach from afar with a +2 spear of pain.
The hobgoblin shouts!
An adder comes into view.
The adder hisses angrily.
Your gnoll hits the giant cockroach from afar with a +2 spear of pain.
The giant cockroach dies!
You hit the bat. The bat completely misses you.
The bat hits you but does no damage. The adder completely misses you.
Your gnoll hits the bat from afar with a +2 spear of pain!
The bat dies!
The adder bites you but does no damage.
You see here a bat corpse.
You swap places.
The adder bites your gnoll but does no damage.
Your gnoll hits the adder with a +2 spear of pain!
The hobgoblin hits you with a +0 club.
* * * LOW HITPOINT WARNING * * *
Something completely misses your gnoll.
Your gnoll completely misses something.
Something barely misses your gnoll.
Your gnoll closely misses something.
The adder bites your gnoll. The hobgoblin closely misses you.
Your gnoll hits the adder with a +2 spear of pain!
The adder dies!
The hobgoblin hits you with a +0 club.
* * * LOW HITPOINT WARNING * * *
Your gnoll hits the hobgoblin from afar with a +2 spear of pain.
The hobgoblin writhes in agony.
The hobgoblin dies!
Unknown command.
Things that are here:
a +0 club; a hobgoblin corpse You butcher the hobgoblin corpse.
i - 9 chunks of flesh (gained 4)
Things that are here:
a +0 club; a hobgoblin skeleton The gnoll is no longer charmed.
The gnoll closely misses you.
Aim: a gnoll, wielding a +2 spear of pain (moderately wounded, chance to defeat MR: 64%)
The gnoll struggles to resist.
The gnoll hits you from afar with a +2 spear of pain!
You die...

#.# #.# #.#
########...#
#.≈≈8≈≈.##.#
..≈≈≈..##.# .
#......##.#####....
#....#.@†.....#
#)......#####....
###...g.....### .
#.)..........#
##............#
#..#...........
#.###....%....# #.#
#.##.####.# #.# #.#
..# #


You could see a gnoll.

Vanquished Creatures
  A dart slug (D:1)
  3 giant cockroaches
  4 goblins (D:1)
  A hobgoblin (D:1)
  A kobold (D:1)
  A quokka (D:2)
  3 bats
  2 frilled lizards
  A rat (D:1)
17 creatures vanquished.

Vanquished Creatures (collateral kills)
  An adder (D:2)
  2 gnolls (D:2)
  A worm (D:2)
  A bat (D:2)
  A giant cockroach (D:2)
  A hobgoblin (D:2)
  A ball python (D:2)
8 creatures vanquished.

Grand Total: 25 creatures vanquished

Notes
Turn   | Place    | Note
-------+----------+-------------------------------------------
     0 | D:1      | MalarOregon the Draconian Artificer began the quest for the
                  | Orb.
     0 | D:1      | Reached XP level 1. HP: 16/16 MP: 3/3
    33 | D:1      | Reached skill level 1 in Stealth
   216 | D:1      | Reached XP level 2. HP: 15/23 MP: 4/4
   944 | D:2      | Reached XP level 3. HP: 19/29 MP: 5/5
   963 | D:2      | Found a shadowy altar of Dithmenos.
  1045 | D:2      | Slain by a gnoll

Skill      XL: |  1  2  3 |
---------------+----------+-----
Stealth        | 1 |  1.4
Dodging        | 2 |  2.0
Fighting       | 2 |  2.1
Short Blades   | |  1.8
Evocations     | |  3.2

Action                   || total
-------------------------++-------
Melee: Short sword       ||    48
       Tailslap          ||     6
Evoke: Wand              ||     4
 Stab: Sleeping          ||     2
Armor: Skin              ||    21
Dodge: Dodged            ||    38
